 Dungeon Crawl Stone Soup version 0.28-a0-474-g535839065c (webtiles) character file.

Game seed: 2460339367006498329

1614 omnomnOMINOUS the Ducker (level 8, -1/52 HPs)
             Began as an Octopode Wanderer on Sept 15, 2021.
             Was a Priest of Hepliaklqana.
             Slain by a wyvern skeleton (13 damage)
             ... on level 6 of the Dungeon.
             The game lasted 00:11:23 (4803 turns).

omnomnOMINOUS the Ducker (Octopode Wanderer)        Turns: 4803, Time: 00:11:23

Health: -1/52      AC:  1    Str: 12    XL:     8   Next: 95%
Magic:  5/8        EV: 15    Int: 15    God:    Hepliaklqana [***...]
Gold:   161        SH:  0    Dex: 12    Spells: 2/7 levels left

rFire   . . .      SeeInvis .   a - +3 whip
rCold   . . .      Faith    .   (no shield)
rNeg    . . .      Spirit   .   (helmet restricted)
rPois   .          Reflect  .   (no amulet)
rElec   .          Harm     .   (no ring)
rCorr   .          Rampage  .   (no ring)
Will    .....                   (no ring)
Stlth   +++.......              (no ring)
HPRegen 0.17/turn               (no ring)
MPRegen 0.11/turn               (no ring)
                                (no ring)
                                (no ring)

@: no status effects
A: reduced essence, almost no armour, amphibious, 8 rings, camouflage 1,
gelatinous body 1, (nimble swimmer 1), tentacles
a: Renounce Religion, Recall Ancestor, Ancestor Identity, Transference


You were on level 6 of the Dungeon.
You worshipped Hepliaklqana.
Hepliaklqana was most pleased with you.
You visited 1 branch of the dungeon, and saw 6 of its levels.

You collected 161 gold pieces.

Inventory:

Hand Weapons
 a - a +3 whip (weapon)
 b - a +2 dagger
 p - a +0 spear
 s - a +1 whip of freezing
Magical Staves
 n - a staff of earth
Jewellery
 j - an amulet of magic regeneration
Wands
 h - a wand of flame (12)
Scrolls
 d - 5 scrolls of teleportation
 e - a scroll of immolation {unknown}
 m - a scroll of magic mapping
 q - a scroll of fear {unknown}
 t - a scroll of noise {unknown}
 v - a scroll of silence {unknown}
 w - a scroll of blinking {unknown}
Potions
 c - a potion of curing
 f - a potion of flight
 g - a potion of heal wounds
 i - a potion of ambrosia
 k - 3 potions of lignification
 l - a potion of might {unknown}
 o - a potion of degeneration {unknown}
 r - a potion of magic {unknown}
 u - a potion of attraction {unknown}


   Skills:
 + Level 6.3 Fighting
 - Level 2.0 Long Blades
 + Level 7.1 Dodging
 - Level 2.6 Stealth
 - Level 1.0 Shields
 * Level 6.0 Conjurations
 - Level 1.1 Evocations


You had 2 spell levels left.
You knew the following spells:

 Your Spells              Type           Power      Damage    Failure   Level
a - Freeze                Ice            0%         1d3       26%         1
b - Mephitic Cloud        Conj/Pois/Air  6%         N/A       34%         3
c - Magic Dart            Conj           72%        1d6       2%          1

Your spell library contained the following spells:

 Spells                   Type           Power      Damage    Failure   Level
 Animate Skeleton         Necr           0%         N/A       26%         1
 Pain                     Necr           0%         1d4       26%         1
 Call Imp                 Summ           0%         N/A       38%         2
 Hailstorm                Conj/Ice       9%         3d4       61%         4
 Frozen Ramparts          Ice            0%         1d2       63%         3
 Vampiric Draining        Necr           0%         2d6       63%         3


Dungeon Overview and Level Annotations

Branches:
Dungeon (6/15)             Temple (0/1) D:4

Altars:
Hepliaklqana
Qazlal
Trog
Uskayaw
Vehumet
Zin

Shops:
D:4 (

Annotations:
D:3 2 transporters, robertstho's ghost, amateur DjFE


Innate Abilities, Weirdness & Mutations

Your life essence is reduced to manifest your ancestor. (-10% HP)
You cannot wear most types of armour.
You are amphibious.
You can wear up to eight rings at the same time.
Your skin changes colour to match your surroundings (Stealth+).
Your rubbery body absorbs attacks. (AC +1, EV +1)
((You are camouflaged near water. (Stealth+)))
You have tentacles for arms and can constrict up to eight enemies at once.


Message History

The hound is heavily wounded.
The hound bites omcestor.
Omcestor barely misses the hound.
The hound bites omcestor.
Casting: Magic Dart (safe; 2% risk of failure)
Confirm with . or Enter, or press ? or * to list all spells.
Aiming: Magic Dart (safe; 2% risk of failure)
Press: ? - help, Shift-Dir - straight line, f/p - hound
Aim: a hound (heavily wounded, ally target, 100% to hit)
Omcestor avoids your attack.
The magic dart hits the hound.
The hound is severely wounded.
The hound misses omcestor.
A bullfrog comes into view.
The wyvern skeleton misses you.
Omcestor hits the hound with a +0 quarterstaff!
The hound dies!
Your Conjurations skill increases to level 6!
Unknown command.
You completely miss the wyvern skeleton.
The bullfrog gives a loud, deep croak!
You squeeze the wyvern skeleton!
The wyvern skeleton is moderately damaged.
The wyvern skeleton bites you!
Omcestor hits the wyvern skeleton with a +0 quarterstaff.
You catch the helpless wyvern skeleton completely off-guard!
You hit the wyvern skeleton.
The wyvern skeleton is severely damaged.
The wyvern skeleton bites you!
* * * LOW HITPOINT WARNING * * *
Omcestor points at the wyvern skeleton and mumbles some strange words.
The puff of frost hits the wyvern skeleton.
The wyvern skeleton resists.
The wyvern skeleton bites omcestor!
You hit the wyvern skeleton.
The wyvern skeleton is almost destroyed.
The wyvern skeleton closely misses you.
Omcestor hits the wyvern skeleton with a +0 quarterstaff.
Unknown command.
You barely miss the wyvern skeleton.
The wyvern skeleton is almost destroyed.
The wyvern skeleton bites you!
You die...

##### ...#
###.########.
#...@R?......
#<#F#Z.#####.
#.#.#....>#
#.#.#.$......
..#.#.....##.
.##.#..#.##
.. .......#
#. #.#..###
#. #..#


You could see the friendly omcestor the battlemage, a bullfrog and a wyvern
skeleton (ally target).

Vanquished Creatures
  Pikel (D:4)
  Grinder (D:3)
  2 lemures (D:4)
  A water moccasin zombie (D:5)
  A scorpion (D:2)
  An orc priest (D:3)
  A centaur skeleton (D:6)
  Jessica (D:3)
  A bullfrog skeleton (D:4)
  An iguana (D:5)
  A gnoll (D:1)
  An adder (D:5)
  An adder zombie (D:4)
  An adder skeleton (D:4)
  A worm (D:4)
  4 orcs
  A bat (D:2)
  4 endoplasms (D:1)
  2 giant cockroaches
  10 hobgoblins
  2 jackals
  4 kobolds
  6 ball pythons
  2 frilled lizards (D:1)
  7 goblins
  5 rats
63 creatures vanquished.

Vanquished Creatures (collateral kills)
  Duvessa (D:4)
  An ogre (D:4)
  A centaur (D:5)
  2 lemures (D:4)
  A phantom (D:4)
  A bullfrog (D:6)
  A scorpion (D:4)
  Dowan (D:4)
  A howler monkey (D:6)
  A hound (D:6)
  An orc wizard (D:5)
  3 adders
  An adder skeleton (D:4)
  A worm (D:4)
  2 orcs
  An endoplasm (D:3)
  2 hobgoblins
  4 jackals
  A quokka (D:4)
  A bat (D:3)
  A kobold (D:1)
29 creatures vanquished.

Vanquished Creatures (others)
  A wizard (D:5)
  An endoplasm (D:4)
2 creatures vanquished.

Grand Total: 94 creatures vanquished

Notes
Turn   | Place    | Note
-------+----------+-------------------------------------------
     0 | D:1      | omnomnOMINOUS the Octopode Wanderer began the quest for the
                  | Orb.
     0 | D:1      | omnomnOMINOUS set off with the following items: a +2
                  | dagger, a potion of heal wounds, a potion of curing, a
                  | scroll of teleportation
     0 | D:1      | Reached XP level 1. HP: 13/13 MP: 1/1
   167 | D:1      | Found a faded altar of an unknown god.
   174 | D:1      | Reached XP level 2. HP: 18/18 MP: 2/2
   182 | D:1      | Became a worshipper of Hepliaklqana the Forgotten
   182 | D:1      | Reached * piety under Hepliaklqana
   428 | D:1      | Reached XP level 3. HP: 21/21 MP: 3/3
  1471 | D:2      | Noticed a scorpion
  1486 | D:2      | Killed a scorpion
  1487 | D:2      | Reached skill level 4 in Dodging
  1487 | D:2      | Reached XP level 4. HP: 16/27 MP: 4/4
  1644 | D:2      | Reached ** piety under Hepliaklqana
  1645 | D:2      | Remembered your ancestor omcestor as a battlemage
  1786 | D:2      | Found a stormy altar of Qazlal.
  2112 | D:3      | Reached XP level 5. HP: 30/32 MP: 5/5
  2148 | D:3      | Found a hide-covered altar of Uskayaw.
  2253 | D:3      | Noticed Grinder
  2264 | D:3      | Killed Grinder
  2265 | D:3      | Reached skill level 5 in Dodging
  2265 | D:3      | Reached XP level 6. HP: 32/39 MP: 6/6
  2354 | D:3      | Found a transporter.
  2369 | D:3      | Found a transporter.
  2370 | D:3      | Noticed robertstho's ghost (amateur DjFE)
  2417 | D:3      | Noticed Jessica
  2419 | D:3      | Killed Jessica
  2590 | D:3      | Learned a level 1 spell: Freeze
  2594 | D:3      | Learned a level 3 spell: Mephitic Cloud
  2658 | D:4      | Reached skill level 1 in Conjurations
  2664 | D:4      | Reached XP level 7. HP: 44/44 MP: 5/7
  2667 | D:4      | Learned a level 1 spell: Magic Dart
  2790 | D:4      | Found Yssoy's Antique Weapon Shoppe.
  2895 | D:4      | Noticed Pikel
  2902 | D:4      | Found a stormy altar of Qazlal.
  3177 | D:4      | Reached skill level 5 in Fighting
  3214 | D:4      | Found a staircase to the Ecumenical Temple.
  3336 | D:4      | Noticed Duvessa
  3337 | D:4      | Noticed Dowan
  3352 | D:4      | Killed Duvessa
  3353 | D:4      | Reached skill level 6 in Dodging
  3355 | D:4      | Killed Dowan
  3521 | D:4      | Killed Pikel
  3522 | D:4      | Reached skill level 5 in Conjurations
  3522 | D:4      | Reached XP level 8. HP: 29/51 MP: 8/8
  3764 | D:4      | Found a glowing silver altar of Zin.
  3802 | D:5      | Entered Level 5 of the Dungeon
  4121 | D:5      | Reached *** piety under Hepliaklqana
  4266 | D:5      | Found a radiant altar of Vehumet.
  4572 | D:5      | Found a bloodstained altar of Trog.
  4573 | D:5      | Noticed a wizard
  4580 | D:5      | Killed a wizard
  4789 | D:6      | Reached skill level 7 in Dodging
  4803 | D:6      | Slain by a wyvern skeleton

Illustrated notes

Levels and vault maps discovered:
D:1:      psy_arrival_spokes, layout_basic, hellmonk_ecumenical_altar_zigzags,
          grunt_decor_junction, minmay_misc_feat_ornament
D:2:      layout_loops_ring, basic_altar
D:3:      layout_basic, eat_drink_and_be_merry_uskayaw,
          gammafunk_ghost_mausoleum, uniq_jessica, uniq_grinder
D:4:      layout_cave_pools, grunt_qazlal_clouds, kennysheep_little_box,
          minmay_temple_entry_mini_moons, serial_shops, shop,
          grunt_ministairs_14, uniq_duvessa, uniq_pikel
D:5:      layout_loops_ring, nicolae_vehumet_altar_sigil, trog_wizard
D:6:      layout_loops_ring

Skill      XL: |  1  2  3  4  5  6  7  8 |
---------------+-------------------------+-----
Fighting       | 2 3 4 5 6 |  6.3
Dodging        | 4 5 6 7 |  7.1
Conjurations   | 2 5 6 |  6.0
Long Blades    | |  2.0
Stealth        | |  2.6
Shields        | |  1.0
Evocations     | |  1.1

Action                   |  1- 3 |  4- 6 |  7- 9 || total
-------------------------+-------+-------+-------++-------
Melee: Dagger            |    57 |    23 |    21 ||   101
       Constrict         |    13 |     6 |    27 ||    46
       Tentacles         |    10 |     4 |    16 ||    30
       Whip              |       |       |    61 ||    61
 Cast: Magic Dart        |       |       |     4 ||     4
Invok: Ancestor Identity |     1 |       |       ||     1
       Ancestor Life: Ba |       |     1 |       ||     1
Evoke: Wand              |       |    10 |       ||    10
  Use: Potion            |     1 |       |       ||     1
       Scroll            |       |       |     6 ||     6
 Stab: Sleeping          |     5 |     4 |     4 ||    13
       Distracted        |     1 |       |     1 ||     2
Armor: Skin              |     5 |     1 |     4 ||    10
Dodge: Dodged            |    39 |    15 |    45 ||    99

Table legend: (Time is in decaauts)
 A = Elapsed time spent in this place.
 B = Non-inter-level travel time spent in this place.
 C = Inter-level travel time spent in this place.
 D = Time resting spent in this place.
 E = Time spent auto-exploring this place.
 F = Levels seen in this place.
 G = Mean time per level.
                   A        B        C        D        E       F      G
               +--------+--------+--------+--------+--------+-----+--------+
         Total |   4801 |   4594 |    207 |    768 |   3126 |   6 |  800.2 |
       Dungeon |   4801 |   4594 |    207 |    768 |   3126 |   6 |  800.2 |
               +--------+--------+--------+--------+--------+-----+--------+

Top non-repeatable levels by time:
     D:1: 1269 daAuts
     D:4: 1154 daAuts
     D:5: 979 daAuts
     D:2: 811 daAuts
     D:3: 563 daAuts
     D:6: 23 daAuts
